 Dungeon Crawl Stone Soup version 0.24.0-1-gfbc8707 (webtiles) character file.

Game seed: 2614801442041580165, levelgen mode: deterministic

14686 Fang the Fighter (level 12, -2/82 HPs)
             Began as a Gargoyle Berserker on Oct 31, 2019.
             Was a High Priest of Trog.
             Slain by a tengu warrior
             ... wielding a +1 long sword
              (9 damage)
             ... on level 12 of the Dungeon.
             The game lasted 00:13:17 (11612 turns).

Fang the Fighter (Gargoyle Berserker)              Turns: 11612, Time: 00:13:18

Health: -2/82      AC: 23    Str: 26    XL:     12   Next: 19%
Magic:  12/12      EV: 10    Int: 13    God:    Trog [*****.]
Gold:   384        SH:  0    Dex:  9    Spells: 11/11 levels left

rFire    . . .     SeeInvis .   A - +7 broad axe (chop)
rCold    . . .     Gourm    .   (no shield)
rNeg     + . .     Faith    .   b - +1 plate armour
rPois    ∞         Spirit   .   (no helmet)
rElec    +         Reflect  .   (no cloak)
rCorr    .         Harm     .   (no gloves)
MR       .....                  (no boots)
Stlth    ..........             j - amulet of regeneration
HPRegen  0.63/turn              w - ring of flight
MPRegen  0.13/turn              i - +5 ring of intelligence

@: berserk cooldown, slowed, very slow
A: negative energy resistance 1, electricity resistance, unbreathing,
petrification resistance, rot immunity, AC +8
a: Berserk, Trog's Hand, Brothers in Arms, Renounce Religion, Evoke Flight


You were on level 12 of the Dungeon.
You worshipped Trog.
Trog was extremely pleased with you.
You were hungry.

You visited 2 branches of the dungeon, and saw 13 of its levels.
You also visited: Sewer and Ossuary.

You collected 857 gold pieces.
You spent 473 gold pieces at shops.

Inventory:

Hand Weapons
 a - a +2 war axe
 t - a +6 vampiric hand axe
 A - a +7 broad axe of chopping (weapon)
Armour
 b - a +1 plate armour (worn)
Jewellery
 i - a +5 ring of intelligence (right hand)
 j - an amulet of regeneration (around neck)
 w - a ring of flight (left hand)
Wands
 g - a wand of random effects (17)
 k - a wand of enslavement (10)
 x - a wand of flame (38)
 y - a wand of iceblast (12)
 C - a wand of polymorph (7)
Scrolls
 m - 2 scrolls of remove curse
 p - a scroll of teleportation
Potions
 d - 3 potions of might
 e - 9 potions of curing
 f - a potion of berserk rage {unknown}
 h - 2 potions of heal wounds
 l - 4 potions of flight
 n - 2 potions of ambrosia {unknown}
 o - 3 potions of mutation {unknown}
 q - 2 potions of invisibility
 r - a potion of degeneration {unknown}
 s - 3 potions of magic
 u - 2 potions of haste {unknown}
 v - 2 potions of agility {unknown}
 B - 3 potions of brilliance {unknown}
Comestibles
 c - 30 rations
 z - 10 chunks of flesh


   Skills:
 * Level 12.4 Fighting
 * Level 10.7 Axes
 + Level 9.0 Armour
 + Level 6.8 Dodging


You had 11 spell levels left.
You didn't know any spells.
Your spell library was empty.

Dungeon Overview and Level Annotations

Branches:
Dungeon (12/15)            Temple (1/1) D:6            Lair (0/6) D:10
    Orc (0/2) D:9           Sewer (visited)         Ossuary (visited)

Altars:
Cheibriados
Elyvilon
Gozag
Kikubaaqudgha
Nemelex Xobeh
Okawaru
Uskayaw
Wu Jian

Shops:
D:9 ?   D:11 }   D:12 (

Annotations:
D:12 4 runed translucent doors


Innate Abilities, Weirdness & Mutations

You are resistant to torment.
Your stone body is resilient. (AC +8)
You are immune to poison.
You resist negative energy. (rN+)
You are resistant to electric shocks. (rElec)
You can survive without breathing.
You are immune to petrification.
You are immune to rotting.


Message History

You hear a shout!
The orc closely misses you.
Items here: ( ))) [ † You closely miss the orc.
You are no longer berserk.
You are exhausted.
You feel as though you will be slow longer.
The orc hits you but does no damage.
You slash the orc!
You kill the orc!
Trog accepts your kill. 2 ugly things, an orc warrior, a simulacrum and a tengu warrior come into view.
The tengu warrior shouts!
The brown ugly thing gurgles horribly!
The green ugly thing gurgles horribly!
The orc warrior shouts!
The tengu warrior misses you.
The tengu warrior pecks you but does no damage.
The tengu warrior claws you.
* * * LOW HITPOINT WARNING * * *
The tengu warrior hits you with a +1 long sword!
You die... #### #.#.#..###..... ##.}:.# #.#.#.#.####†=# ...##.# #.#.#.#.#..'..# ##u...# #.#.#.##.###.## #### ##..# #.#.#.####...# #..## ##u# #.##.###...### #...## #oZ

##.####...### #.##...##
#Q#..###..(.## #.
##...#####@.##...#..# ##.
##....(.)###.......## #..
##.(.######.....##...##
#..##÷..#####......)....^.#####
#..#.(.####...#)......#+#......
#..#..###...#.#.....###.###...(
#..'###...###.#...### ... ###..
#........## #.##..# .#+#. #..
#(#####..## #.##.## ##.### ##.


You could see 2 ugly things, a tengu warrior, an orc warrior and a centaur
warrior simulacrum.

Vanquished Creatures
  2 two-headed ogres
  A wizard (D:12)
  6 ugly things (D:12)
  A cyclops (D:12)
  A yaktaur (D:12)
  A freezing wraith (D:12)
  A tengu conjurer (D:10)
  Prince Ribbit (D:7)
  2 trolls
  A hornet (D:10)
  A slime creature (D:12)
  2 hippogriffs
  A wyvern (D:9)
  4 yaks (D:11)
  A human (D:9)
  Edmund (D:6)
  A warg (D:9)
  A soldier ant (D:12)
  An acid dragon (D:11)
  Duvessa (D:4)
  A water moccasin (D:5)
  An ice beast (D:11)
  A black bear (D:10)
  5 orc warriors
  6 sky beasts
  2 phantoms
  4 ogres
  2 necrophages (D:6)
  6 centaurs
  A big kobold (D:9)
  2 elf zombies (Ossuary)
  10 bullfrogs
  A gnoll sergeant (D:10)
  A wyvern zombie (D:11)
  Dowan (D:4)
  2 scorpions
  7 killer bees
  10 wights
  4 howler monkeys
  2 centaur zombies
  A crimson imp (D:9)
  4 hounds
  3 human zombies (Ossuary)
  4 jellies
  8 orc priests
  2 bullfrog skeletons
  11 orc wizards
  Natasha (thrice) (D:2)
  4 iguanas
  6 worker ants
  3 hound zombies
  4 mummies (Ossuary)
  2 hound skeletons
  A howler monkey zombie (D:5)
  3 gnolls (D:10)
  A worker ant zombie (D:10)
  19 adders
  3 river rats (Sewer)
  2 oozes
  3 adder zombies (Ossuary)
  An adder skeleton (D:10)
  A worm (D:5)
  8 leopard geckos
  57 orcs
  3 ball pythons
  9 giant cockroaches
  A gnoll zombie (Ossuary)
  11 goblins
  9 hobgoblins
  12 jackals
  12 kobolds
  7 quokkas
  9 bats
  11 frilled lizards
  A jackal skeleton (D:5)
  An orc zombie (Ossuary)
  13 rats
  A bush (D:5)
  2 plants (D:10)
356 creatures vanquished.

Notes
Turn   | Place    | Note
-------+----------+-------------------------------------------
     0 | D:1      | Fang the Gargoyle Berserker began the quest for the Orb.
     0 | D:1      | Reached XP level 1. HP: 14/14 MP: 1/1
   246 | D:1      | Reached XP level 2. HP: 10/19 MP: 2/2
   722 | D:1      | Reached XP level 3. HP: 22/24 MP: 3/3
  1058 | D:2      | Noticed Natasha
  1069 | D:2      | Killed Natasha
  1069 | D:2      | Reached ** piety under Trog
  1069 | D:2      | Reached skill level 4 in Fighting
  1069 | D:2      | Reached XP level 4. HP: 15/29 MP: 4/4
  1179 | D:2      | Found a sparkling altar of Nemelex Xobeh.
  1193 | D:2      | Noticed Natasha
  1199 | D:2      | Killed Natasha
  1341 | D:2      | Noticed Natasha
  1351 | D:2      | Killed Natasha
  1351 | D:2      | Reached XP level 5. HP: 20/34 MP: 5/5
  1859 | D:2      | Found a hide-covered altar of Uskayaw.
  1859 | D:2      | Found an iron altar of Okawaru.
  1861 | D:2      | Found a white marble altar of Elyvilon.
  2007 | D:3      | Found a snail-covered altar of Cheibriados.
  2050 | D:3      | Found an ancient bone altar of Kikubaaqudgha.
  2160 | D:3      | Reached XP level 6. HP: 6/40 MP: 6/6
  2623 | D:3      | Reached *** piety under Trog
  2741 | D:3      | Reached skill level 5 in Fighting
  2920 | D:4      | Found an ornate altar of the Wu Jian Council.
  3010 | D:4      | Noticed Duvessa
  3011 | D:4      | Noticed Dowan
  3022 | D:4      | Killed Duvessa
  3022 | D:4      | Reached **** piety under Trog
  3022 | D:4      | Reached XP level 7. HP: 44/44 MP: 7/7
  3037 | D:4      | Killed Dowan
  3263 | D:4      | Reached skill level 5 in Axes
  3338 | D:4      | Reached skill level 6 in Fighting
  3592 | D:5      | Entered Level 5 of the Dungeon
  3710 | D:5      | Reached XP level 8. HP: 33/52 MP: 8/8
  4510 | D:6      | Found a sand-covered staircase.
  4526 | Ossuary  | Entered an ossuary
  4546 | Ossuary  | Reached skill level 7 in Fighting
  4562 | Ossuary  | Reached skill level 5 in Armour
  4922 | D:6      | Found a glowing drain.
  4935 | Sewer    | Entered a sewer
  5020 | Sewer    | Reached ***** piety under Trog
  5291 | D:6      | Reached XP level 9. HP: 52/59 MP: 9/9
  5358 | D:6      | Reached skill level 8 in Fighting
  6126 | D:6      | Noticed Edmund
  6148 | D:6      | Killed Edmund
  6385 | D:6      | Found a staircase to the Ecumenical Temple.
  6406 | Temple   | Entered the Ecumenical Temple
  6584 | D:7      | Noticed Prince Ribbit
  6838 | D:7      | Reached skill level 9 in Fighting
  7097 | D:7      | Found an opulent altar of Gozag.
  7269 | D:7      | Killed Prince Ribbit
  7433 | D:7      | Reached XP level 10. HP: 66/66 MP: 10/10
  7832 | D:7      | Reached skill level 5 in Dodging
  8008 | D:8      | Received a gift from Trog
  8497 | D:9      | Found Vadesoin's Assorted Antiques.
  8531 | D:9      | Reached skill level 10 in Fighting
  8709 | D:9      | Found a staircase to the Orcish Mines.
  8834 | D:9      | Found Girr's Magic Scroll Boutique.
  9049 | D:10     | Entered Level 10 of the Dungeon
  9087 | D:10     | Noticed a two-headed ogre
  9094 | D:10     | Killed a two-headed ogre
  9145 | D:10     | Reached XP level 11. HP: 43/73 MP: 11/11
  9389 | D:10     | Received a gift from Trog
  9400 | D:10     | Reached skill level 11 in Fighting
  9452 | D:10     | Found a staircase to the Lair.
  9750 | D:11     | Found Inuustry's Gadget Shoppe.
 10651 | D:12     | Noticed a green ugly thing
 10678 | D:12     | Killed a green ugly thing
 10678 | D:12     | Reached skill level 10 in Axes
 10693 | D:12     | Noticed a brown ugly thing
 10707 | D:12     | Killed a brown ugly thing
 10839 | D:12     | Found a runed translucent door.
 10846 | D:12     | Found a runed translucent door.
 10848 | D:12     | Noticed a cyan ugly thing
 10866 | D:12     | Killed a cyan ugly thing
 10884 | D:12     | Found a runed translucent door.
 10900 | D:12     | Found a runed translucent door.
 10912 | D:12     | Noticed a two-headed ogre
 10913 | D:12     | Noticed a green ugly thing
 10923 | D:12     | Killed a two-headed ogre
 10925 | D:12     | Killed a green ugly thing
 10925 | D:12     | Reached skill level 12 in Fighting
 10978 | D:12     | Noticed a cyan ugly thing
 10994 | D:12     | Killed a cyan ugly thing
 11038 | D:12     | Noticed a cyan ugly thing
 11068 | D:12     | Killed a cyan ugly thing
 11068 | D:12     | Reached XP level 12. HP: 72/81 MP: 12/12
 11137 | D:12     | Found Aschixkewk's Weapon Boutique.
 11144 | D:12     | Bought a +7 broad axe of chopping for 473 gold pieces
 11596 | D:12     | Identified the +7 great sword of Vebac {freeze, rPois
                  | Str+4}
 11612 | D:12     | Noticed a tengu warrior
 11612 | D:12     | Slain by a tengu warrior

Levels and vault maps discovered:
D:1:      dpeg_arrival_chambers_temple_mockup, layout_basic,
          chequers_serial_rivers_micro_d
D:2:      layout_rooms, lemuel_doored_altar, gammafunk_temple_overflow_claw,
          minmay_puff, uniq_natasha
D:3:      layout_basic, lemuel_crystal_altar, kiku_gazebo_garden_becter,
          first_ration
D:4:      layout_gridville, lemuel_round_altar, uniq_duvessa
D:5:      layout_cave_pods, kb_lookout_dungeons_type,
          minmay_fractal_squares_gapless_5
D:6:      layout_cave_pods, minmay_temple_entry_nine_rooms,
          cheibrodos_sewer_entry_sluice, enter_ossuary_1, lightli_minifort,
          uniq_edmund
D:7:      layout_cave_pods, lemuel_crystal_altar, uniq_prince_ribbit1
D:8:      layout_cave_pools
D:9:      layout_basic, erik_orc_4, serial_shops, kennysheep_little_box,
          nicolae_shop_crystal, nicolae_shop_overgrown_old_shop,
          kennysheep_mini, nicolae_shop_behind_doors
D:10:     layout_basic, dpeg_oklobed_lair, serial_bayou_pond_a, grunt_tengu_nest
D:11:     layout_gridville, serial_shops, shop, nooodl_food_tri
D:12:     minmay_the_grid_triangle_9x9_recursive_2
          [minmay_the_grid_triangle_9x9_prize_insulated,
          minmay_the_grid_triangle_9x9_limited_checkers,
          minmay_the_grid_triangle_9x9_sprig,
          minmay_the_grid_triangle_9x9_impossible_snake], layout_loops_ring,
          serial_shops, shop_statue, minmay_statue_crystal_thing
Temple:   jpeg_temple_clearing

Skill      XL: |  1  2  3  4  5  6  7  8  9 10 11 12 |
---------------+-------------------------------------+-----
Axes           | 3 4 5 6 7 9 10 | 10.7
Fighting       | 4 5 6 7 9 10 12 | 12.4
Dodging        | 2 3 4 5 6 |  6.8
Armour         | 3 4 5 6 7 8 9 |  9.0

Action                   |  1- 3 |  4- 6 |  7- 9 | 10-12 || total
-------------------------+-------+-------+-------+-------++-------
Melee: Hand axe          |   116 |   198 |       |   155 ||   469
       War axe           |       |    71 |   480 |   476 ||  1027
       Broad axe         |       |       |       |    40 ||    40
Invok: Berserk           |     1 |     3 |     7 |     5 ||    16
       Trog's Hand       |       |       |     2 |       ||     2
  Use: Scroll            |       |       |    15 |     9 ||    24
  Eat: Chunk             |     1 |     9 |    16 |    19 ||    45
       Ration            |       |       |     2 |       ||     2
Armor: Animal skin       |     3 |       |       |       ||     3
       Chain mail        |    82 |   218 |   300 |       ||   600
       Plate armour      |       |       |   220 |   489 ||   709
Dodge: Dodged            |    67 |   179 |   327 |   277 ||   850
